 Dungeon Crawl Stone Soup version 0.30-a0-263-ge22c4ad894 (webtiles) character file.

Game seed: 8894690075547106776

1983 koil the Covert (level 9, -2/44 HPs)
             Began as a Spriggan Enchanter on Oct 14, 2022.
             Was an Initiate of Kikubaaqudgha.
             Slain by an orc warrior
             ... wielding a +0 battleaxe
              (15 damage)
             ... on level 8 of the Dungeon.
             The game lasted 00:17:51 (4849 turns).

koil the Covert (Spriggan Enchanter)                Turns: 4849, Time: 00:17:51

Health: -2/44      AC:  3    Str:  8    XL:     9   Next: 1%
Magic:  14/18      EV: 21    Int: 16    God:    Kikubaaqudgha [......]
Gold:   254        SH:  0    Dex: 18    Spells: 13/19 levels left

rFire   . . .      SeeInvis +    b - +10 whip "Gyrauth" {elec, rCorr}
rCold   . . .      Faith    .    (no shield)
rNeg    . . .      Spirit   .    m - +1 robe
rPois   +          Reflect  .    (helmet restricted)
rElec   .          Harm     .    (no cloak)
rCorr   +          Rampage  .    (gloves unavailable)
Will    +....                    (boots unavailable)
Stlth   ++++......               (no amulet)
HPRegen 0.27/turn                r - ring of poison resistance
MPRegen 0.16/turn                (no ring)

@: very quick
A: very small, no large weapons, unfitting armour, see invisible, speed 3,
strong 1
a: Renounce Religion


You were on level 8 of the Dungeon.
You worshipped Kikubaaqudgha.
Kikubaaqudgha was noncommittal.
You visited 2 branches of the dungeon, and saw 7 of its levels.

You collected 254 gold pieces.

Inventory:

Hand Weapons
 a - a +2 dagger of flaming
 b - the +10 whip "Gyrauth" (weapon) {elec, rCorr}
   (You found it on level 2 of the Dungeon)

   It occasionally discharges a powerful burst of electricity upon striking a
   foe.
   rCorr:     It protects you from acid and corrosion.
 e - a +2 whip of venom
 k - the +7 sling "Xufum" {venom, Fly rElec}
   (You found it on level 7 of the Dungeon)

   Any ammunition fired from it poisons the flesh of those it strikes.
   rElec:     It insulates you from electricity.
   Fly:       It grants you flight.
Missiles
 g - 2 poisoned darts (quivered)
 l - 2 throwing nets
Armour
 m - a +1 robe (worn)
Jewellery
 r - a ring of poison resistance (left hand)
Wands
 p - a wand of flame (11)
 q - a wand of quicksilver (8)
 s - a wand of digging (6)
Scrolls
 d - 2 scrolls of fear {unknown}
 h - 2 scrolls of identify
 i - a scroll of acquirement {unknown}
 o - 2 scrolls of enchant armour
 t - 2 scrolls of magic mapping
 u - a scroll of amnesia
Potions
 c - 2 potions of invisibility
 f - a potion of brilliance
 j - a potion of lignification
 n - a potion of magic {unknown}
 v - a potion of curing


   Skills:
 + Level 3.5 Fighting
 + Level 4.8 Short Blades
 + Level 6.4 Dodging
 + Level 8.3 Stealth
 + Level 5.9 Spellcasting
 + Level 6.4 Hexes
 + Level 3.5 Necromancy


You had 13 spell levels left.
You knew the following spells:

 Your Spells              Type           Power      Damage    Failure   Level
a - Ensorcelled Hibernat  Hex/Ice        30%        N/A       5%          2
b - Confusing Touch       Hex            25%        N/A       3%          3
c - Necrotise             Necr           64%        1d7       3%          1

Your spell library contained the following spells:

 Spells                   Type           Power      Damage    Failure   Level
 Tukima's Dance           Hex            25%        N/A       3%          3
 Dazzling Flash           Conj/Hex       30%        N/A       11%         3
 Apportation              Tloc           8%         N/A       14%         1
 Summon Small Mammal      Summ           16%        N/A       14%         1


Dungeon Overview and Level Annotations

Branches:
Dungeon (8/15)             Temple (1/1) D:7
   Lair: D:8-11

Altars:
Ashenzari
Cheibriados
Dithmenos
Elyvilon
Fedhas
Gozag
Kikubaaqudgha
Nemelex Xobeh
Okawaru
Ru
Sif Muna
Trog
Uskayaw
Vehumet
Wu Jian
Xom
Yredelemnul
Zin

Shops:
D:1 (   D:2 (


Innate Abilities, Weirdness & Mutations

You are very small and have problems with some larger weapons.
You are too small for most types of armour.
You have supernaturally acute eyesight. (SInv)
You cover ground extremely quickly. (Speed+++)
Your muscles are strong. (Str +4, Int/Dex -1)


Message History

You hit the orc. You burn the orc.
You kill the orc!
Kikubaaqudgha accepts your kill.
The orc priest calls down the wrath of Beogh upon you.
Beogh smites you!
Your magical contamination has completely faded away.
Your +2 dagger of flaming stops flaming.
You hear the crackle of electricity.
b - the +10 whip "Gyrauth" (weapon)
{elec, rCorr} You barely miss the orc.
The orc closely misses you.
You barely miss the orc. The orc misses you.
You hit the orc.
The orc is severely wounded.
The orc hits you with a +0 flail.
You hit the orc. Lightning courses through the orc!
You kill the orc!
Kikubaaqudgha accepts your kill.
You whack the orc! Lightning courses through the orc!
You kill the orc!
Kikubaaqudgha accepts your kill.
The orc warrior unwields a +0 long sword.
The orc warrior wields a +0 arbalest.
The orc warrior shoots a bolt.
The bolt hits you!
The orc warrior unwields a +0 battleaxe.
The orc warrior wields a +0 arbalest.
The orc warrior shoots a bolt.
The bolt closely misses you.
The orc warrior shoots a bolt.
The bolt closely misses you.
The orc warrior unwields a +0 arbalest.
The orc warrior wields a +0 battleaxe.
The orc warrior misses you.
Items here: )) [ ††.
You hit the orc warrior but do no damage.
You punch the orc warrior, but do no damage.
The orc warrior hits you with a +0 battleaxe!
* * * LOW HITPOINT WARNING * * *
You hit the orc warrior but do no damage.
Lightning courses through the orc warrior!
The orc warrior is moderately wounded.
The orc warrior hits you with a +0 battleaxe!
You die...
Kikubaaqudgha rasps: "You have failed me!
Welcome... death!" o.o...# .# oooo$.# .# oooooo# .# .oooo

##.# ###ooo #..###.#)#
#.##o....#.###
########o.............
#....@ooo.o.#####.###.
#...#####.o..$# # #..
#......## ......#.
##.#..### #.. ...........
#....## ##..#
.....>.....##....#.# #...#
...............#.#.###.....
.............#.#.#.#....# #
< ...#...................#
.#..


You could see 2 orc warriors and 5 orcs.

Vanquished Creatures
  A two-headed ogre (D:6)
  A steam dragon (D:6)
  An orc warrior (D:7)
  An ice beast (D:6)
  An ogre (D:8)
  2 sky beasts (D:7)
  A centaur (D:7)
  A kobold brigand (Temple)
  2 bullfrogs (D:7)
  A gnoll sergeant (D:6)
  2 scorpions
  A howler monkey (D:6)
  2 hounds (D:6)
  An orc priest (D:7)
  12 gnolls
  3 adders
  3 white imps (D:7)
  A worm (D:2)
  A dart slug (D:2)
  6 orcs
  A ball python (D:1)
  4 endoplasms
  3 giant cockroaches (D:1)
  3 goblins
  3 hobgoblins (D:2)
  14 jackals
  2 quokkas
  7 bats
  2 frilled lizards
  9 kobolds
  5 rats
97 creatures vanquished.

Notes
Turn   | Place    | Note
-------+----------+-------------------------------------------
     0 | D:1      | koil the Spriggan Enchanter began the quest for the Orb.
     0 | D:1      | Reached XP level 1. HP: 9/9 MP: 5/5
    19 | D:1      | Found Engy's Antique Weapon Shoppe.
    65 | D:1      | Found a faded altar of an unknown god.
   202 | D:1      | Reached XP level 2. HP: 13/14 MP: 6/6
   210 | D:1      | Learned a level 2 spell: Ensorcelled Hibernation
   695 | D:1      | Reached XP level 3. HP: 17/17 MP: 8/8
  1093 | D:2      | Reached skill level 5 in Stealth
  1098 | D:2      | Reached skill level 1 in Fighting
  1224 | D:2      | Reached XP level 4. HP: 22/22 MP: 6/9
  1425 | D:2      | Learned a level 3 spell: Confusing Touch
  1427 | D:2      | Learned a level 1 spell: Necrotise
  1553 | D:2      | Identified the +10 whip "Gyrauth" {elec, rCorr}
  1691 | D:2      | Found Tiono's Antique Weapon Emporium.
  2050 | D:2      | Reached XP level 5. HP: 25/25 MP: 11/11
  2096 | D:3      | You fall into a shaft and drop 3 floors!
  2107 | D:6      | Noticed a steam dragon
  2110 | D:6      | Killed a steam dragon
  2111 | D:6      | Reached skill level 1 in Necromancy
  2111 | D:6      | Reached XP level 6. HP: 15/30 MP: 12/12
  2238 | D:6      | Reached skill level 6 in Stealth
  2298 | D:6      | Noticed a two-headed ogre
  2517 | D:6      | Noticed an ice beast
  2541 | D:6      | Killed an ice beast
  2685 | D:6      | Killed a two-headed ogre
  2686 | D:6      | Reached skill level 5 in Dodging
  2686 | D:6      | Reached skill level 7 in Stealth
  2686 | D:6      | Reached skill level 5 in Spellcasting
  2686 | D:6      | Reached skill level 5 in Hexes
  2686 | D:6      | Reached XP level 7. HP: 15/35 MP: 5/15
  2686 | D:6      | Reached XP level 8. HP: 16/39 MP: 5/16
  3483 | D:7      | Found a staircase to the Ecumenical Temple.
  3580 | Temple   | Entered the Ecumenical Temple
  3850 | Temple   | Became a worshipper of Kikubaaqudgha
  3916 | Temple   | Gained mutation: Your muscles are strong. (Str +4, Int/Dex
                  | -1) [potion of mutation]
  4369 | D:7      | Reached skill level 8 in Stealth
  4452 | D:7      | Identified the +7 sling "Xufum" {venom, Fly rElec}
  4824 | D:8      | Reached XP level 9. HP: 44/44 MP: 11/18
  4849 | D:8      | Slain by an orc warrior

Illustrated notes

Levels and vault maps discovered:
D:1:      dpeg_arrival_tiny_j, layout_basic, serial_shops, shop,
          basic_ecumenical_altar
D:2:      layout_basic, serial_shops, nicolae_shop_window_shopping
D:3:      layout_rooms, serial_corexii_hall, chequers_hall_statues_corner_a,
          corexii_hall_statues_deadend, chequers_hall_statues_corner_a,
          corexii_hall_statues_s, minmay_snake_closets, uniq_jessica
D:6:      nicolae_cairo_tiling, layout_basic, serial_glass, glass_columns_c,
          glass_columns_b, glass_columns_a, glass_columns_b, glass_columns_b,
          glass_columns_a, item_on_display_a
D:7:      layout_loops_ring, minmay_temple_entry_statues_fountains,
          minmay_misc_feat_tower
D:8:      layout_rooms, lair_entry_dummy, special_room [special_room_orc],
          chequers_garden
Temple:   nicolae_temple_two_arcs

Skill      XL: |  1  2  3  4  5  6  7  8 |
---------------+-------------------------+-----
Dodging        | 3 4 5 6 |  6.4
Spellcasting   | 3 5 |  5.9
Stealth        | 5 7 8 |  8.3
Hexes          | 4 5 6 |  6.4
Fighting       | 1 2 3 |  3.5
Short Blades   | 2 3 4 |  4.8
Necromancy     | 1 2 3 |  3.5

Action                   |  1- 3 |  4- 6 |  7- 9 || total
-------------------------+-------+-------+-------++-------
Melee: Dagger            |   109 |    42 |    70 ||   221
       Punch             |     1 |     2 |     2 ||     5
       Whip              |       |    52 |    32 ||    84
 Cast: Ensorcelled Hiber |    13 |     7 |    23 ||    43
       Necrotise         |       |     7 |       ||     7
       Confusing Touch   |       |     1 |     2 ||     3
  Use: Scroll            |       |       |     9 ||     9
       Potion            |       |       |     4 ||     4
 Stab: Sleeping          |    19 |     6 |    14 ||    39
       Distracted        |       |     2 |       ||     2
       Confused          |       |     1 |     2 ||     3
Armor: Robe              |    13 |     8 |     8 ||    29
Dodge: Dodged            |    90 |    64 |    84 ||   238

Table legend: (Time is in decaauts)
 A = Elapsed time spent in this place.
 B = Non-inter-level travel time spent in this place.
 C = Inter-level travel time spent in this place.
 D = Time resting spent in this place.
 E = Time spent auto-exploring this place.
 F = Levels seen in this place.
 G = Mean time per level.
                   A        B        C        D        E       F      G
               +--------+--------+--------+--------+--------+-----+--------+
         Total |   3605 |   3537 |     68 |    708 |   1948 |   7 |  515.0 |
       Dungeon |   3187 |   3119 |     68 |    422 |   1886 |   6 |  531.2 |
        Temple |    417 |    417 |      0 |    286 |     62 |   1 |  417.0 |
               +--------+--------+--------+--------+--------+-----+--------+

Top non-repeatable levels by time:
     D:6: 857 daAuts
     D:7: 771 daAuts
     D:1: 754 daAuts
     D:2: 729 daAuts
  Temple: 417 daAuts
     D:8: 66 daAuts
     D:3: 7 daAuts
